 Dungeon Crawl Stone Soup version 0.29.1-1-gd02db6906a (webtiles) character file.

Game seed: 11167157911136620212

5 Aibolit the Grasshopper (level 1, 0/11 HPs)
             Began as a Spriggan Warper on Oct 7, 2022.
             Frozen to death by an endoplasm (4 damage)
             ... on level 1 of the Dungeon.
             The game lasted 00:01:30 (553 turns).

Aibolit the Grasshopper (Spriggan Warper)            Turns: 553, Time: 00:01:30

Health: 0/11       AC:  2    Str:  7    XL:     1   Next: 66%
Magic:  5/5        EV: 17    Int: 14    God:
Gold:   52         SH:  0    Dex: 14    Spells: 5/5 levels left

rFire   . . .      SeeInvis +   a - +0 short sword
rCold   . . .      Faith    .   (no shield)
rNeg    . . .      Spirit   .   b - +0 robe
rPois   .          Reflect  .   (helmet restricted)
rElec   .          Harm     .   (no cloak)
rCorr   .          Rampage  .   (gloves unavailable)
Will    .....                   (boots unavailable)
Stlth   +.........              (no amulet)
HPRegen 0.03/turn               (no ring)
MPRegen 0.09/turn               (no ring)

@: very quick
A: very small, no large weapons, unfitting armour, see invisible, speed 3
a: no special abilities


You were on level 1 of the Dungeon.
You visited 1 branch of the dungeon, and saw 1 of its levels.

You collected 52 gold pieces.

Inventory:

Hand Weapons
 a - a +0 short sword (weapon)
Missiles
 d - 2 boomerangs of dispersal (quivered)
Armour
 b - a +0 robe (worn)
Scrolls
 c - a scroll of blinking
 e - a scroll of identify {unknown}


   Skills:
 + Level 1.6 Fighting
 - Level 2.2 Short Blades
 - Level 1.0 Throwing
 + Level 3.3 Dodging
 + Level 2.8 Spellcasting
 + Level 4.5 Translocations


You had 5 spell levels left.
You didn't know any spells.
Your spell library contained the following spells:

 Spells                   Type           Power      Damage    Failure   Level
 Blink                    Tloc           28%        N/A       4%          2
 Gell's Gravitas          Tloc           14%        N/A       10%         3
 Lesser Beckoning         Tloc           14%        N/A       10%         3
 Teleport Other           Tloc           14%        N/A       10%         3
 Summon Guardian Golem    Hex/Summ       1%         N/A       54%         3
 Manifold Assault         Tloc           14%        N/A       67%         5
 Orb of Destruction       Conj           0%         9d5       100%        7
 Spellforged Servitor     Conj/Summ      0%         N/A       100%        7


Dungeon Overview and Level Annotations

Branches:
Dungeon (1/15)

Altars:


Innate Abilities, Weirdness & Mutations

You are very small and have problems with some larger weapons.
You are too small for most types of armour.
You have supernaturally acute eyesight. (SInv)
You cover ground extremely quickly. (Speed+++)


Message History

You hit the endoplasm.
The endoplasm is lightly wounded.
The endoplasm jiggles.
The endoplasm closely misses you. The bat hits you but does no damage.
You hit the endoplasm.
The endoplasm is heavily wounded.
The bat hits you but does no damage.
The endoplasm hits you but does no damage.
You barely miss the endoplasm.
The endoplasm is heavily wounded.
The bat hits you. The endoplasm freezes you.
You are frozen.
You are too injured to fight recklessly!
You are too injured to fight recklessly!
You are too injured to fight recklessly!
You are too injured to fight recklessly!
Unknown command.
You are too injured to fight recklessly!
You are too injured to fight recklessly!
You are too injured to fight recklessly!
The bat completely misses you. The bat hits you. The bat barely misses you.
The bat closely misses you.
You are too injured to fight recklessly!
Throw: 4 boomerangs (disperse)
Press: ? - help, Q - select action Shift-Dir - straight line, f - bat
Aim: a bat (42% to hit)
You throw a boomerang of dispersal.
The boomerang of dispersal hits the bat.
The bat blinks!
You kill the bat!
Throw: 3 boomerangs (disperse)
Press: ? - help, Q - select action Shift-Dir - straight line, f - endoplasm
Aim: an endoplasm (heavily wounded, 85% to hit)
You throw a boomerang of dispersal.
The boomerang of dispersal barely misses the endoplasm.
The endoplasm freezes you.
You are frozen.
You die...

#.............
#.............
#.......# ..#+#
#.......# ...#.#...#
#.......# ....#...#
#.......## #.#.#....
#......†.#+#...#..###
###
##.J................#
K.##
#..@..........#..#.#
#..##
#......†..........#.#
.#..##
#.................#.#
..#..## #
#..............#..#.#
...#..#.#
.#..............##...#
..#..##.#
.#........#########...
.#..#.......#........#
#..#
#..##.#+###.#........#
#...
............#........#
##..


You could see an endoplasm.

Vanquished Creatures
  A hobgoblin (D:1)
  2 kobolds (D:1)
  2 bats (D:1)
  A rat (D:1)
6 creatures vanquished.

Notes
Turn   | Place    | Note
-------+----------+-------------------------------------------
     0 | D:1      | Aibolit the Spriggan Warper began the quest for the Orb.
     0 | D:1      | Reached XP level 1. HP: 10/10 MP: 5/5
   553 | D:1      | Frozen to death by an endoplasm

Illustrated notes

Levels and vault maps discovered:
D:1:      scummos_arrival_hexagon, layout_basic,
          shapermc_ecumenical_altar_mp_highgroup

Action                   || total
-------------------------++-------
Melee: Short sword       ||    25
Throw: Boomerang         ||     5
Armor: Robe              ||     4
Dodge: Dodged            ||    19
